 Dungeon Crawl Stone Soup version 0.31-a0-924-ge39a22a033 (webtiles) character file.

Game seed: 14184831657487876245

23 Gladio the Shield-Bearer (level 3, 29/29 HPs)
             Began as a Formicid Fighter on Oct 18, 2023.
             Was a Follower of Kikubaaqudgha.
             Quit the game on level 1 of the Dungeon.
             The game lasted 00:01:09 (386 turns).

Gladio the Shield-Bearer (Formicid Fighter)          Turns: 386, Time: 00:01:09

Health: 29/29      AC:  6    Str: 22    XL:     3   Next: 12%
Magic:  3/3        EV:  9    Int:  7    God:    Kikubaaqudgha [*.....]
Gold:   38         SH:  5    Dex: 13    Spells: 2/2 levels left

rFire   . . .        a - +0 trident
rCold   . . .        c - +0 buckler
rNeg    . . .        b - +0 scale mail
rPois   .            (helmet unavailable)
rElec   .            (no cloak)
rCorr   .            (no gloves)
SInv    +            (no boots)
Will    .....        (no amulet) Stlth
                     (no ring)
HPRegen 0.24/turn    (no ring)
MPRegen 0.08/turn

%: no passive effects
@: no status effects
A: permanent stasis, dig shafts and tunnels, antennae 3, four strong arms
a: Dig, Shaft Self, Renounce Religion, Unearth Wretches


You were on level 1 of the Dungeon.
You worshipped Kikubaaqudgha.
Kikubaaqudgha was aware of your devotion.
You visited 1 branch of the dungeon, and saw 1 of its levels.

You collected 38 gold pieces.

Inventory:

Hand Weapons
 a - a +0 trident (weapon)
Armour
 b - a +0 scale mail (worn)
 c - a +0 buckler (worn)
Scrolls
 e - 2 scrolls of teleportation {unknown}
 g - a scroll of identify {unknown}
 h - a scroll of brand weapon {unknown}
Potions
 d - a potion of might
 f - 2 potions of curing {unknown}


   Skills:
 + Level 3.5 Fighting
 * Level 2.6 Polearms
 + Level 3.5 Armour
 + Level 4.3 Shields


You had 2 spell levels left.
You didn't know any spells.
Your spell library contained the following spells:

 Spells                   Type           Power      Damage    Failure   Level
 Necrotise                Necr           0%         1d4       82%         1
 Cigotuvi's Dreadful Rot  Necr/Pois/Air  0%         N/A       91%         2
 Sublimation of Blood     Necr           0%         N/A       91%         2
 Vampiric Draining        Necr           0%         2d6       99%         3


Dungeon Overview and Level Annotations

Branches:
Dungeon (1/15)

Altars:
Kikubaaqudgha


Innate Abilities, Weirdness & Mutations

You cannot be hasted, slowed, berserked, paralysed or teleported.
You can dig through walls and to a lower floor.
You have a pair of large antennae on your head. (SInv)
Your four strong arms can wield two-handed weapons with a shield.


Message History

You kill the goblin!
Kikubaaqudgha accepts your kill.
No target in view!
No target in view!
No target in view!
No target in view!
No target in view!
No target in view!
No target in view!
No target in view!
No target in view!
e - 2 scrolls labelled DIENID FETIQEZ (gained 1)
A hobgoblin comes into view.
The hobgoblin shouts!
You hit the hobgoblin.
The hobgoblin is lightly wounded.
The hobgoblin barely misses you.
You barely miss the hobgoblin.
The hobgoblin is lightly wounded.
The hobgoblin hits you but does no damage.
You puncture the hobgoblin!
You kill the hobgoblin!
Kikubaaqudgha accepts your kill.
No target in view!
No target in view!
No target in view!
No target in view!
No target in view!
No target in view!
No target in view!
No target in view!
No target in view!
No target in view!
No target in view!
Okay, then.
Okay, then.
Are you sure you want to abandon this character and quit the game? (Confirm with "yes".)
Okay, then.
Okay, then.
Are you sure you want to abandon this character and quit the game? (Confirm with "yes".)

~≈≈≈≈≈# #.)#.##.
~.≈≈≈≈#
###########..#.##.
...~≈≈#
#............#..>.
<...~≈#
#.#####.###..####.
....~≈# #.# #.#
##.####. ~...≈≈#
#.# ..# ##.....(
~~...≈# #.# ##.#
#.....## ~~..~≈#
#.##.##.###.....##
≈.~...#
#@†.....##.......#
~≈~...#
####.#####.>...††#
≈≈≈~.## ..
#.......# ≈~≈~.##
.# #... #.#
~~.~..# #
#..####.# ~..~..#
#..#..... ~.~~~.#
# #.......#
.~~...## #######
#. ##.#.####
.......# #.....#
#. #[......


There were no monsters in sight!

Vanquished Creatures
  3 dart slugs (D:1)
  2 endoplasms (D:1)
  3 goblins (D:1)
  2 hobgoblins (D:1)
  A quokka (D:1)
  2 ball pythons (D:1)
  2 bats (D:1)
  A kobold (D:1)
  A rat (D:1)
17 creatures vanquished.

Notes
Turn   | Place    | Note
-------+----------+-------------------------------------------
     0 | D:1      | Gladio the Formicid Fighter began the quest for the Orb.
     0 | D:1      | Reached XP level 1. HP: 18/18 MP: 1/1
   151 | D:1      | Reached XP level 2. HP: 24/24 MP: 2/2
   314 | D:1      | Reached XP level 3. HP: 28/29 MP: 3/3
   318 | D:1      | Found a faded altar of an unknown god.
   341 | D:1      | Prayed at the altar of an unknown god.
   341 | D:1      | Became a worshipper of Kikubaaqudgha
   341 | D:1      | Reached * piety under Kikubaaqudgha
   341 | D:1      | Received a gift from Kikubaaqudgha
   386 | D:1      | Quit the game

Illustrated notes

Levels and vault maps discovered:
D:1:      dpeg_arrival_more_subterranean_lakeside_camping, layout_loops_cross,
          basic_ecumenical_altar

Action                     || total
---------------------------++-------
  Melee: Trident           ||    41
 Armour: Scale mail        ||    10
  Dodge: Dodged            ||     8
  Block: Buckler           ||     5

Table legend: (Time is in decaauts)
 A = Elapsed time spent in this place.
 B = Non-inter-level travel time spent in this place.
 C = Inter-level travel time spent in this place.
 D = Time resting spent in this place.
 E = Time spent auto-exploring this place.
 F = Levels seen in this place.
 G = Mean time per level.
                   A        B        C        D        E       F      G
               +--------+--------+--------+--------+--------+-----+--------+
         Total |    395 |    395 |      0 |      0 |    264 |   1 |  395.0 |
       Dungeon |    395 |    395 |      0 |      0 |    264 |   1 |  395.0 |
               +--------+--------+--------+--------+--------+-----+--------+

Top non-repeatable levels by time:
     D:1: 395 daAuts
